 Dungeon Crawl Stone Soup version 0.21.1-1-g345015fe64 (webtiles) character file.

72 Rujusu the Skirmisher (level 4, -1/40 HPs)
             Began as a Hill Orc Fighter on July 29, 2018.
             Slain by a gnoll
             ... wielding a +0 flail of holy wrath
              (5 damage)
             ... on level 2 of the Dungeon.
             The game lasted 00:20:46 (1541 turns).

Rujusu the Skirmisher (Hill Orc Fighter)            Turns: 1541, Time: 00:20:47

Health: -1/40      AC:  7    Str: 19    XL:     4   Next: 26%
Magic:  4/4        EV:  7    Int:  8    God:
Gold:   26         SH: 11    Dex: 10    Spells: 3/3 levels left

rFire    + . .     SeeInvis .   a - +0 long sword
rCold    . . .     Gourm    .   c - +0 shield
rNeg     . . .     Faith    .   b - +0 scale mail
rPois    .         Spirit   .   (no helmet)
rElec    .         Reflect  +   (no cloak)
rCorr    .         Harm     .   (no gloves)
MR       .....                  (no boots)
Stlth    ..........             l - +2 amulet of reflection
HPRegen  0.13/turn              i - ring of protection from fire
MPRegen  0.09/turn              (no ring)

@: no status effects
A: no striking features
a: no special abilities


You were on level 2 of the Dungeon.
You were not hungry.

You visited 1 branch of the dungeon, and saw 2 of its levels.

You collected 26 gold pieces.

Inventory:

Hand Weapons
 a - a +0 long sword (weapon)
Missiles
 e - 19 bolts
 m - 21 arrows
Armour
 b - a +0 scale mail (worn)
 c - a +0 shield (worn)
Jewellery
 i - a ring of protection from fire (left hand)
 l - a +2 amulet of reflection (around neck)
Scrolls
 j - a scroll of fog {unknown}
 n - a scroll of identify {unknown}
Potions
 g - a potion of degeneration {unknown}
 k - a potion of heal wounds {unknown}
 o - a potion of berserk rage {unknown}
 p - a potion of curing {unknown}
Comestibles
 f - 4 rations
 h - a chunk of flesh


   Skills:
 + Level 4.0 Fighting
 * Level 3.2 Long Blades
 + Level 3.8 Armour
 - Level 0.2 Dodging
 + Level 4.0 Shields


You had 3 spell levels left.
You didn't know any spells.

Dungeon Overview and Level Annotations

Branches:
Dungeon (2/15)

Altars:


Message History

The gnoll hits you but does no damage.
There is an open door here.
You block the gnoll's attack. You block the gnoll's attack.
Some of the chunks of flesh in your inventory have rotted away.
You see here a club.
You block the gnoll's attack.
The gnoll hits you with a flail of holy wrath.
The gnoll hits you from afar with a halberd!
* * * LOW HITPOINT WARNING * * *
You block the gnoll's attack. The gnoll hits you but does no damage.
The gnoll hits you but does no damage. The gnoll closely misses you.
You block the gnoll's attack.
You see here 18 stones.
The gnoll hits you but does no damage.
The gnoll hits you from afar with a halberd.
* * * LOW HITPOINT WARNING * * *
The gnoll hits you with a flail of holy wrath.
You die...

#....##g#
#....##g#######
#....##.##.g.g.
#.....#.##.####
#.....#.##g#..#
#.....#.##.#..#
#...รท##.##'#..#
######.........g...#
#.g@..)#####........
#(g....'............
#g.....####......#..
#......# #.........
#......# #...#####.
#......# #...# #.
#......# #...# #.
#......# #...#####.
#......# #.........


You could see 3 gnolls.

Vanquished Creatures
  Jessica (D:2)
  An adder (D:2)
  A gnoll (D:2)
  2 worms (D:2)
  2 giant cockroaches (D:2)
  A goblin (D:1)
  4 hobgoblins
  A kobold (D:1)
  A ball python (D:1)
  5 bats
  3 frilled lizards
  4 rats (D:1)
26 creatures vanquished.

Notes
Turn   | Place    | Note
-------+----------+-------------------------------------------
     0 | D:1      | Rujusu the Hill Orc Fighter began the quest for the Orb.
     0 | D:1      | Reached XP level 1. HP: 19/19 MP: 1/1
   343 | D:1      | Reached XP level 2. HP: 23/26 MP: 2/2
   880 | D:2      | Noticed Jessica
   884 | D:2      | Killed Jessica
   884 | D:2      | Reached XP level 3. HP: 33/33 MP: 3/3
  1286 | D:2      | Reached XP level 4. HP: 35/40 MP: 4/4
  1541 | D:2      | Slain by a gnoll

Skill      XL: |  1  2  3  4 |
---------------+-------------+-----
Fighting       | 4 |  4.0
Long Blades    | 3 |  3.2
Shields        | 4 |  4.0
Armour         | |  3.8
Dodging        | |  0.2

Action                   |  1- 3 |  4- 6 || total
-------------------------+-------+-------++-------
Melee: Long sword        |   104 |    13 ||   117
  Use: Scroll            |     1 |       ||     1
       Potion            |       |     1 ||     1
  Eat: Chunk             |     1 |     1 ||     2
Armor: Scale mail        |    44 |     8 ||    52
Dodge: Dodged            |    45 |    11 ||    56
Block: Shield            |    53 |    28 ||    81
       Rpst.: Long sword |    17 |     3 ||    20
